 Dungeon Sprint DCSS version 0.30-a0-172-gc5509c9e31 (webtiles) character file.

Game seed: 5417678251290982983

1775 mhtbhm the Earth Mage (level 9, -2/48 HPs)
             Began as a Gargoyle Earth Elementalist on Oct 1, 2022.
             Shot with a bolt by a yaktaur (9 damage)
             ... in the Dungeon (Sprint II: "The Violet Keep of Menkaure").
             The game lasted 00:04:18 (585 turns).

mhtbhm the Earth Mage (Gargoyle Earth Elementalist)  Turns: 585, Time: 00:04:18

Health: -2/48      AC: 12    Str: 13    XL:     9   Next: 7%
Magic:  5/24       EV: 13    Int: 19    God:
Gold:   428        SH:  0    Dex: 13    Spells: 20/30 levels left

rFire   + . .      SeeInvis .    (no weapon)
rCold   . . .      Faith    .    (no shield)
rNeg    + . .      Spirit   .    a - +1 robe {Will+}
rPois   ∞          Reflect  .    (no helmet)
rElec   +          Harm     .    (no cloak)
rCorr   .          Rampage  .    h - +2 pair of gloves {Dex+3}
Will    +....      NoTele   +    (no boots)
Stlth   +++.......               (no amulet)
HPRegen 0.28/turn                i - ring of protection from fire
MPRegen 0.19/turn                (no ring)

@: hasted, very quick
A: sickness immunity, AC +6, negative energy resistance 1, electricity
resistance, torment resistance 1, petrification resistance
a: no special abilities


You were in the Dungeon.
You visited 1 branch You collected 972 gold pieces.
You spent 544 gold pieces at shops.

Inventory:

Armour
 a - a +1 robe of willpower (worn)
 h - a +2 pair of gloves of dexterity (worn)
Jewellery
 i - a ring of protection from fire (left hand)
Scrolls
 g - a scroll of blinking
Potions
 f - a potion of berserk rage


   Skills:
 + Level 2.0 Fighting
 + Level 4.8 Dodging
 + Level 5.2 Stealth
 + Level 11.0 Spellcasting
 + Level 5.4 Conjurations
 + Level 0.9 Transmutations
 + Level 16.0 Earth Magic


You had 20 spell levels left.
You knew the following spells:

 Your Spells              Type           Power      Damage    Failure   Level
a - Sandblast             Erth           100%       2d20      0%          1
b - Passwall              Tmut/Erth      35%        N/A       1%          2
c - Stone Arrow           Conj/Erth      100%       3d13      1%          3
d - Petrify               Tmut/Erth      42%        N/A       1%          4

Your spell library contained the following spells:

 Spells                   Type           Power      Damage    Failure   Level


Dungeon Overview and Level Annotations

Branches:
Dungeon (1/1)

Altars:
Cheibriados
Dithmenos
Elyvilon
Hepliaklqana
Kikubaaqudgha
Makhleb
Qazlal
Ru
Sif Muna
Trog
Uskayaw
Vehumet
Wu Jian
Xom
Yredelemnul
Zin
The Shining One
Jiyva
Lugonu

Shops:
D =:[[?([[:[!![=?

Annotations:
D exclusion: oklob plant


Innate Abilities, Weirdness & Mutations

You are immune to sickness and miasma.
Your stone body is resilient. (AC +6)
You are immune to poison.
You resist negative energy. (rN+)
You are resistant to electric shocks. (rElec)
You are resistant to unholy torment.
You are immune to petrification.


Message History

The hornet stings you!
* * * LOW HITPOINT WARNING * * *
Unknown command.
Casting: Stone Arrow (safe; 1% risk of failure)
Confirm with . or Enter, or press ? or * to list all spells.
Aiming: Stone Arrow (safe; 1% risk of failure)
Press: ? - help, Shift-Dir - straight line, f - yaktaur, p - hornet
Aim: a yaktaur (95% to hit)
The stone arrow hits the hornet!
The hornet is almost dead.
The hornet stings you but does no damage.
Unknown command.
Unknown command.
Casting: Stone Arrow (safe; 1% risk of failure)
Confirm with . or Enter, or press ? or * to list all spells.
Aiming: Stone Arrow (safe; 1% risk of failure)
Press: ? - help, Shift-Dir - straight line, f - hornet
Aim: a hornet (almost dead, 64% to hit)
The stone arrow hits the hornet.
You kill the hornet!
Your Fighting skill increases to level 2!
Your Spellcasting skill increases to level 11!
Your Earth Magic skill increases to level 16!
You have reached level 9!
Your experience leads to an increase in your attributes!
Your base attributes are Str 13, Int 17, Dex 10.
Increase (S)trength, (I)ntelligence, or (D)exterity?
You feel clever. x2
Unknown command.
You start resting.
A yaktaur is nearby!
Casting: Stone Arrow (safe; 1% risk of failure)
Confirm with . or Enter, or press ? or * to list all spells.
Aiming: Stone Arrow (safe; 1% risk of failure)
Press: ? - help, Shift-Dir - straight line, f - yaktaur
Aim: a yaktaur (95% to hit)
The stone arrow hits the yaktaur!
The yaktaur is moderately wounded.
The yaktaur wields a +0 arbalest.
The yaktaur shoots a bolt.
The bolt hits you!
You die...

. #+## #. ...##.####
+.### .#).# ...# ...# ##
...####..## #..# $#
#'###.##..# +..# .#
#.##...#..# #..# .#
.<.'##.'..####.^##c#
#.##.###....###.@†##▓▓
#'###.##......~~~~~~~~~~~
#.# ###~~§....~#+########
.#..#~~~~~~~..~#._._._..#
. .##~~§~~~~§.~#.._._._.#
# ##~~§≈≈≈~~§§~#._._._._#
~ ~~~§§§≈≈≈§§~~#_._._._.#
+#+++#~§§≈§≈≈≈§#._._._..#
° ##≈≈§###≈≈#_._._.


You could see a yaktaur.

Vanquished Creatures
  A merfolk siren (D)
  3 polar bears (D)
  A hornet (D)
  A water moccasin (D)
  5 scorpions (D)
  4 necrophages (D)
  3 worms (D)
18 creatures vanquished.

Vanquished Creatures (others)
  Menkaure (D)
  A water moccasin (D)
2 creatures vanquished.

Grand Total: 20 creatures vanquished

Notes
Turn   | Place    | Note
-------+----------+-------------------------------------------
     0 | D        | mhtbhm the Gargoyle Earth Elementalist began the quest for
                  | the Orb.
     0 | D        | Reached XP level 1. HP: 10/10 MP: 3/3
     1 | D        | Noticed a necrophage
     1 | D        | Noticed a necrophage
     1 | D        | Noticed a necrophage
     1 | D        | Noticed a necrophage
     6 | D        | Killed a necrophage
     7 | D        | Reached skill level 7 in Earth Magic
     7 | D        | Reached XP level 2. HP: 11/15 MP: 2/6
     7 | D        | Reached XP level 3. HP: 14/19 MP: 2/8
     8 | D        | Killed a necrophage
     9 | D        | Reached skill level 8 in Earth Magic
     9 | D        | Reached XP level 4. HP: 19/24 MP: 0/10
    11 | D        | Killed a necrophage
    12 | D        | Reached skill level 5 in Spellcasting
    12 | D        | Reached skill level 9 in Earth Magic
    12 | D        | Reached XP level 5. HP: 19/28 MP: 9/12
    15 | D        | Reached skill level 10 in Earth Magic
    41 | D        | Killed a water moccasin
    70 | D        | Learned a level 2 spell: Passwall
    74 | D        | Learned a level 3 spell: Stone Arrow
    79 | D        | Learned a level 4 spell: Petrify
    85 | D        | Reached skill level 11 in Earth Magic
    85 | D        | Reached XP level 6. HP: 32/32 MP: 9/15
    87 | D        | Reached skill level 12 in Earth Magic
   123 | D        | Killed Menkaure
   150 | D        | Reached XP level 7. HP: 37/37 MP: 16/18
   171 | D        | Reached skill level 13 in Earth Magic
   270 | D        | Noticed a merfolk siren
   277 | D        | Killed a merfolk siren
   278 | D        | Reached skill level 1 in Fighting
   278 | D        | Reached skill level 14 in Earth Magic
   374 | D        | Found Zaovovei's Jewellery Boutique.
   374 | D        | Found Apophe's Distillery.
   374 | D        | Found Pigidifu's Book Boutique.
   374 | D        | Found Jonlau's Armour Boutique.
   374 | D        | Found Camof's Antique Armour Shop.
   375 | D        | Found Kyfroppa's Magic Scroll Shop.
   375 | D        | Found Zevvavvo's Distillery.
   375 | D        | Found Daoqig's Antique Armour Shop.
   376 | D        | Found Maicku's Antique Armour Boutique.
   376 | D        | Found Putacvum's Antique Weapon Shop.
   376 | D        | Found Edofon's Magic Scroll Boutique.
   383 | D        | Reached XP level 8. HP: 43/43 MP: 14/21
   427 | D        | Noticed a polar bear
   427 | D        | Noticed a polar bear
   428 | D        | Found Mipiqes's Antique Armour Shop.
   428 | D        | Found Fiusause's Antique Armour Boutique.
   428 | D        | Noticed an oklob plant
   429 | D        | Found Mudujio's Jewellery Boutique.
   429 | D        | Found Getum's Book Shoppe.
   434 | D        | Noticed a wyvern
   435 | D        | Noticed a wyvern
   467 | D        | Bought an embroidered robe for 114 gold pieces
   476 | D        | Bought a pair of embroidered gloves for 180 gold pieces
   491 | D        | Bought a ring of protection from fire for 250 gold pieces
   555 | D        | Found a glowing silver altar of Zin.
   556 | D        | Found a glowing golden altar of the Shining One.
   556 | D        | Found a basalt altar of Yredelemnul.
   556 | D        | Found a hide-covered altar of Uskayaw.
   556 | D        | Found a radiant altar of Vehumet.
   557 | D        | Found a shimmering altar of Xom.
   557 | D        | Found a bloodstained altar of Trog.
   557 | D        | Found a burning altar of Makhleb.
   558 | D        | Found an ornate altar of the Wu Jian Council.
   558 | D        | Found a shimmering blue altar of Sif Muna.
   558 | D        | Found a corrupted altar of Lugonu.
   559 | D        | Found a sacrificial altar of Ru.
   559 | D        | Found an ancient bone altar of Kikubaaqudgha.
   559 | D        | Found a white marble altar of Elyvilon.
   560 | D        | Found a stormy altar of Qazlal.
   560 | D        | Found a viscous altar of Jiyva.
   560 | D        | Found a shadowy altar of Dithmenos.
   561 | D        | Found a hazy altar of Hepliaklqana.
   561 | D        | Found a snail-covered altar of Cheibriados.
   563 | D        | Noticed a yaktaur
   563 | D        | Noticed a hornet
   563 | D        | Noticed a polar bear
   564 | D        | Noticed a polar bear
   570 | D        | Killed a polar bear
   570 | D        | Noticed a polar bear
   571 | D        | Reached skill level 10 in Spellcasting
   571 | D        | Reached skill level 15 in Earth Magic
   573 | D        | Killed a polar bear
   574 | D        | Reached skill level 5 in Stealth
   580 | D        | Killed a polar bear
   581 | D        | Reached skill level 5 in Conjurations
   583 | D        | Killed a hornet
   584 | D        | Reached skill level 16 in Earth Magic
   584 | D        | Reached XP level 9. HP: 7/48 MP: 8/24
   585 | D        | Shot with a bolt by a yaktaur

Illustrated notes

Levels and vault maps discovered:
D:        the_violet_keep_of_menkaure [sprint2_stairs_cluster_1,
          sprint2_shoproom, sprint2_temple, sprint2_basic_supplies,
          sprint2_obstacle_2, sprint2_obstacle_3, sprint2_obstacle_7,
          sprint2_obstacle_1, sprint2_obstacle_6, sprint2_timed_cluster_1,
          sprint2_smallroom_cluster_1, sprint2_smallroom_final_cluster_1,
          sprint2_transparent_cluster_1, sprint2_second_timed_cluster_1,
          sprint2_sniper_area_1, sprint2_heavy_combat_area_1,
          sprint2_mutation_trap_area_1, sprint2_forest_area_1,
          sprint2_light_combat_area_1, sprint2_behind_water_1,
          sprint2_near_end_vault_1]

Skill      XL: |  1  2  3  4  5  6  7  8 |
---------------+-------------------------+-----
Dodging        | 2 3 4 |  4.8
Stealth        | 3 4 5 |  5.2
Spellcasting   | 3 4 5 6 7 9 11 | 11.0
Earth Magic    | 7 8 9 11 12 14 16 | 16.0
Fighting       | 1 2 |  2.0
Conjurations   | 2 5 |  5.4
Transmutations | |  0.9

Action                   |  1- 3 |  4- 6 |  7- 9 || total
-------------------------+-------+-------+-------++-------
 Cast: Sandblast         |     6 |    11 |    10 ||    27
       Stone Arrow       |       |     1 |    22 ||    23
  Use: Potion            |     1 |     1 |     4 ||     6
Armor: Robe              |     4 |     2 |    17 ||    23
Dodge: Dodged            |     2 |     3 |    17 ||    22

Table legend: (Time is in decaauts)
 A = Elapsed time spent in this place.
 B = Non-inter-level travel time spent in this place.
 C = Inter-level travel time spent in this place.
 D = Time resting spent in this place.
 E = Time spent auto-exploring this place.
 F = Levels seen in this place.
 G = Mean time per level.
                   A        B        C        D        E       F      G
               +--------+--------+--------+--------+--------+-----+--------+
         Total |    604 |    604 |      0 |    337 |      0 |   1 |  604.0 |
       Dungeon |    604 |    604 |      0 |    337 |      0 |   1 |  604.0 |
               +--------+--------+--------+--------+--------+-----+--------+

Top non-repeatable levels by time:
       D: 604 daAuts
